Blues vs Canucks

Created - December 9 2011 at 18:06

Goals
1 2 3 T
Blues 0 0 0 0
Canucks 0 1 0 1
Shots
1 2 3 T
Blues 10 8 12 30
Canucks 8 13 3 24

Period #1

No Goal

Penalties :
Milan Jurcina (STL) for Roughing (Minor) at 7:29, Erik Karlsson (VAN) for High sticking (Minor) at 17:56, Fedor Tyutin (VAN) for Cross-checking (Minor) at 18:11

Period #2

1. Canucks , Brooks Laich 8 (Corey Perry, Kris Russell) at 10:19

Penalties :
Jannik Hansen (VAN) for Roughing (Minor) at 9:59, Milan Jurcina (STL) for Goalie Interference (Minor) at 9:59, Alexander Frolov (STL) for Hooking (Minor) at 14:47, Steve Ott (STL) for Hooking (Minor) at 18:12

Period #3

No Goal

Penalties :
James van Riemsdyk (VAN) for Roughing (Minor) at 0:36, Fedor Tyutin (VAN) for Hooking (Minor) at 8:41, Dmitry Kulikov (VAN) for Hooking (Minor) at 13:18

Goalie Stats

Jonathan Quick (STL), 23 saves from 24 shots - (0.958), L, 10-12-4, 59:23 minutes
Henrik Lundqvist (VAN), 30 saves from 30 shots - (1.000), W, 19-9-2, 60:00 minutes

Players Stats

Blues
Player Name              G  A  P  +/- PIM S  H  SB FO    MP 
------------------------------------------------------------
Alexander Frolov         0  0  0   0  2   1  1  0  0/1   17 
Brad Lukowich            0  0  0   0  0   0  0  0  0/0   0  
Chris Kunitz             0  0  0   0  0   3  2  0  1/2   21 
Daymond Langkow          0  0  0   0  0   1  1  0  2/6   4  
Dennis Wideman           0  0  0   0  0   2  2  0  0/0   25 
Jean-Pierre Dumont       0  0  0   0  0   3  0  0  0/2   10 
Jussi Jokinen            0  0  0   0  0   2  0  0  12/24 24 
Kent Huskins             0  0  0  -1  0   1  1  0  0/0   15 
Kristian Huselius        0  0  0   0  0   4  1  0  2/2   20 
Mark Fayne               0  0  0   0  0   2  0  1  0/0   17 
Matthew Lombardi         0  0  0   0  0   0  0  0  3/6   7  
Mikael Backlund          0  0  0  -1  0   2  2  0  9/11  19 
Milan Jurcina            0  0  0   0  4   0  4  1  0/0   22 
Robyn Regehr             0  0  0   0  0   2  1  1  0/0   23 
Saku Koivu               0  0  0  -1  0   3  1  0  15/30 22 
Steve Ott                0  0  0   0  2   0  6  0  1/2   19 
Todd Bertuzzi            0  0  0   0  0   3  1  0  1/1   10 
Yannick Weber            0  0  0  -1  0   1  0  0  0/0   17 
Canucks
Player Name              G  A  P  +/- PIM S  H  SB FO    MP 
------------------------------------------------------------
Alex Pietrangelo         0  0  0   0  0   0  1  0  0/0   13 
Brandon Sutter           0  0  0   0  0   2  1  0  14/27 18 
Brooks Laich             1  0  1   1  0   2  0  0  10/22 18 
Corey Perry              0  1  1   1  0   4  1  0  2/3   20 
David Backes             0  0  0   0  0   1  3  0  0/0   12 
Dmitry Kulikov           0  0  0   0  2   0  0  1  0/0   18 
Duncan Keith             0  0  0   0  0   2  1  1  0/0   22 
Erik Karlsson            0  0  0   0  2   1  0  1  0/0   19 
Fedor Tyutin             0  0  0   1  4   0  0  2  0/0   19 
James van Riemsdyk       0  0  0   0  2   2  2  0  0/1   16 
Jannik Hansen            0  0  0   0  2   1  1  0  0/0   10 
Kris Russell             0  1  1   1  0   0  1  1  0/0   11 
Loui Eriksson            0  0  0   0  0   3  0  0  2/3   18 
Matthew Carle            0  0  0   0  0   0  2  2  0/0   18 
Phil Kessel              0  0  0   0  0   2  0  0  6/16  12 
Ryan OReilly             0  0  0   0  0   1  0  0  6/14  11 
Tomas Holmstrom          0  0  0   0  0   3  0  0  1/1   17 
Valtteri Filppula        0  0  0   0  0   0  0  1  0/0   16 

3 Stars

1 - Henrik Lundqvist (VAN)
2 - Jonathan Quick (STL)
3 - Brooks Laich (VAN)

Power Play

Blues - 0 on 5 Attempt(s) - 0.00%
Canucks - 0 on 3 Attempt(s) - 0.00%

Penalty Kill

Blues - 3 on 3 Attempt(s) - 100.00% - Score 0 goal in Penalty Kill
Canucks - 5 on 5 Attempt(s) - 100.00% - Score 0 goal in Penalty Kill

Game Notes

No Game Note

Finance

Level 1 -- Attendance: 6132 (94.34%) -- Ticket Income $490,560.00
Level 2 -- Attendance: 3426 (68.52%) -- Ticket Income $222,690.00
Level 3 -- Attendance: 1969 (56.26%) -- Ticket Income $98,450.00
Level 4 -- Attendance: 1975 (69.06%) -- Ticket Income $49,375.00
Luxury Box -- Attendance: 602 (60.20%) -- Ticket Income $150,500.00
Game was played at the Rogers Arena
Total Attendance: 14104 (74.78%)
Total Ticket Income: $1,024,318.00
Other Income: $219,969.60
Total Income: $1,244,288.00


Play by Play

Period #1

0:01 of 1st period - Brooks Laich wins face-off versus Jussi Jokinen in neutral zone.
0:10 of 1st period - Shot by Chris Kunitz.
0:10 of 1st period - Shot Misses the Net.
0:31 of 1st period - Matthew Carle is hit by Steve Ott and loses puck.
1:13 of 1st period - Duncan Keith is hit by Steve Ott and loses puck.
1:19 of 1st period - Off-side.
1:20 of 1st period - Brandon Sutter wins face-off versus Saku Koivu in neutral zone.
2:18 of 1st period - Icing by Milan Jurcina.
2:19 of 1st period - Loui Eriksson wins face-off versus Saku Koivu in Blues zone.
2:36 of 1st period - Off-side.
2:37 of 1st period - Ryan OReilly wins face-off versus Jean-Pierre Dumont in neutral zone.
2:56 of 1st period - Shot by Jean-Pierre Dumont.
2:56 of 1st period - Stopped by Henrik Lundqvist without a rebound.
2:57 of 1st period - Brooks Laich wins face-off versus Mikael Backlund in Canucks zone.
3:06 of 1st period - Shot by Corey Perry.
3:06 of 1st period - Deflect By James van Riemsdyk.
3:06 of 1st period - Stopped by Jonathan Quick without a rebound.
3:07 of 1st period - Mikael Backlund wins face-off versus Brooks Laich in Blues zone.
3:21 of 1st period - Shot by James van Riemsdyk.
3:21 of 1st period - Stopped by Jonathan Quick without a rebound.
3:22 of 1st period - Steve Ott wins face-off versus Phil Kessel in Blues zone.
3:24 of 1st period - Icing by Chris Kunitz.
3:25 of 1st period - Chris Kunitz wins face-off versus Phil Kessel in Blues zone.
3:31 of 1st period - Icing by Steve Ott.
3:32 of 1st period - Tomas Holmstrom wins face-off versus Chris Kunitz in Blues zone.
4:04 of 1st period - Shot by Brandon Sutter.
4:04 of 1st period - Stopped by Jonathan Quick without a rebound.
4:05 of 1st period - Mikael Backlund wins face-off versus Brooks Laich in Blues zone.
4:30 of 1st period - Shot by Corey Perry.
4:30 of 1st period - Stopped by Jonathan Quick without a rebound.
4:31 of 1st period - Saku Koivu wins face-off versus Phil Kessel in Blues zone.
6:17 of 1st period - Shot by Jean-Pierre Dumont.
6:17 of 1st period - Stopped by Henrik Lundqvist without a rebound.
6:18 of 1st period - Todd Bertuzzi wins face-off versus Brandon Sutter in Canucks zone.
6:22 of 1st period - Icing by Fedor Tyutin.
6:23 of 1st period - Brandon Sutter wins face-off versus Jean-Pierre Dumont in Canucks zone.
6:45 of 1st period - Tomas Holmstrom is hit by Kent Huskins and loses puck.
7:02 of 1st period - Shot by Tomas Holmstrom.
7:02 of 1st period - Stopped by Jonathan Quick with a rebound.
7:29 of 1st period - Minor Penalty to Milan Jurcina for Roughing.
7:30 of 1st period - Matthew Lombardi wins face-off versus Phil Kessel in Blues zone.
10:20 of 1st period - Shot by Robyn Regehr.
10:20 of 1st period - Shot Misses the Net.
10:36 of 1st period - Shot by Chris Kunitz.
10:36 of 1st period - Stopped by Henrik Lundqvist without a rebound.
10:37 of 1st period - Mikael Backlund wins face-off versus Brooks Laich in Canucks zone.
11:04 of 1st period - Matthew Carle is hit by Todd Bertuzzi.
11:29 of 1st period - Icing by Milan Jurcina.
11:30 of 1st period - Ryan OReilly wins face-off versus Saku Koivu in Blues zone.
11:37 of 1st period - Icing by Mark Fayne.
11:38 of 1st period - Ryan OReilly wins face-off versus Saku Koivu in Blues zone.
11:51 of 1st period - Shot by Loui Eriksson.
11:51 of 1st period - Stopped by Jonathan Quick with a rebound.
11:55 of 1st period - Shot by Loui Eriksson.
11:55 of 1st period - Deflect By Ryan OReilly.
11:55 of 1st period - Shot Blocked by Milan Jurcina.
11:57 of 1st period - Shot by Jannik Hansen.
11:57 of 1st period - Stopped by Jonathan Quick without a rebound.
11:58 of 1st period - Jussi Jokinen wins face-off versus Phil Kessel in Blues zone.
12:02 of 1st period - Icing by Chris Kunitz.
12:03 of 1st period - Jussi Jokinen wins face-off versus Brandon Sutter in Blues zone.
12:38 of 1st period - Shot by Chris Kunitz.
12:38 of 1st period - Shot Misses the Net.
13:45 of 1st period - Off-side.
13:46 of 1st period - Saku Koivu wins face-off versus Ryan OReilly in neutral zone.
13:59 of 1st period - Shot by Alexander Frolov.
13:59 of 1st period - Deflect By Saku Koivu.
13:59 of 1st period - Stopped by Henrik Lundqvist without a rebound.
14:00 of 1st period - Mikael Backlund wins face-off versus Phil Kessel in Canucks zone.
14:21 of 1st period - Shot by Mikael Backlund.
14:21 of 1st period - Stopped by Henrik Lundqvist with a rebound.
14:23 of 1st period - Shot by Todd Bertuzzi.
14:23 of 1st period - Shot Blocked by Duncan Keith.
14:25 of 1st period - Shot by Jean-Pierre Dumont.
14:25 of 1st period - Stopped by Henrik Lundqvist without a rebound.
14:26 of 1st period - Brandon Sutter wins face-off versus Saku Koivu in Canucks zone.
14:26 of 1st period - Brandon Sutter is hit by Alexander Frolov.
14:34 of 1st period - Icing by Milan Jurcina.
14:35 of 1st period - Kristian Huselius wins face-off versus James van Riemsdyk in Blues zone.
14:35 of 1st period - Kristian Huselius is hit by James van Riemsdyk.
14:50 of 1st period - Shot by Saku Koivu.
14:50 of 1st period - Stopped by Henrik Lundqvist with a rebound.
14:54 of 1st period - Shot by Saku Koivu.
14:54 of 1st period - Deflect By Kristian Huselius.
14:54 of 1st period - Stopped by Henrik Lundqvist without a rebound.
14:55 of 1st period - Mikael Backlund wins face-off versus Brandon Sutter in Canucks zone.
16:04 of 1st period - Shot by David Backes.
16:04 of 1st period - Stopped by Jonathan Quick without a rebound.
16:05 of 1st period - Daymond Langkow wins face-off versus Brooks Laich in Blues zone.
16:14 of 1st period - Shot by Daymond Langkow.
16:14 of 1st period - Stopped by Henrik Lundqvist without a rebound.
16:15 of 1st period - Ryan OReilly wins face-off versus Jussi Jokinen in Canucks zone.
16:15 of 1st period - Ryan OReilly is hit by Steve Ott.
16:34 of 1st period - Shot by Jannik Hansen.
16:34 of 1st period - Shot Misses the Net.
17:39 of 1st period - James van Riemsdyk is hit by Milan Jurcina and loses puck.
17:49 of 1st period - Kristian Huselius is hit by Matthew Carle.
17:56 of 1st period - Minor Penalty to Erik Karlsson for High sticking.
17:57 of 1st period - Brandon Sutter wins face-off versus Saku Koivu in Canucks zone.
18:05 of 1st period - Saku Koivu is hit by Alex Pietrangelo and loses puck.
18:11 of 1st period - Minor Penalty to Fedor Tyutin for Cross-checking.
18:12 of 1st period - Saku Koivu wins face-off versus Brandon Sutter in Canucks zone.
18:19 of 1st period - Shot by Mikael Backlund.
18:19 of 1st period - Shot Misses the Net.
18:21 of 1st period - Shot by Yannick Weber.
18:21 of 1st period - Shot Misses the Net.
18:23 of 1st period - Shot by Kent Huskins.
18:23 of 1st period - Shot Blocked by Matthew Carle.
19:14 of 1st period - Shot by Dennis Wideman.
19:14 of 1st period - Stopped by Henrik Lundqvist with a rebound.
19:29 of 1st period - Icing by Mikael Backlund.
19:30 of 1st period - Corey Perry wins face-off versus Daymond Langkow in Blues zone.
19:39 of 1st period - Shot by Yannick Weber.
19:39 of 1st period - Shot Blocked by Dmitry Kulikov.

Period #2

0:01 of 2nd period - Jussi Jokinen wins face-off versus Brandon Sutter in neutral zone.
0:44 of 2nd period - Shot by Loui Eriksson.
0:44 of 2nd period - Stopped by Jonathan Quick without a rebound.
0:45 of 2nd period - Jussi Jokinen wins face-off versus Brooks Laich in Blues zone.
0:59 of 2nd period - Erik Karlsson is hit by Dennis Wideman and loses puck.
1:29 of 2nd period - Icing by Brooks Laich.
1:30 of 2nd period - Saku Koivu wins face-off versus Brooks Laich in Canucks zone.
1:37 of 2nd period - Shot by Mark Fayne.
1:37 of 2nd period - Stopped by Henrik Lundqvist without a rebound.
1:38 of 2nd period - Brandon Sutter wins face-off versus Mikael Backlund in Canucks zone.
1:38 of 2nd period - Brandon Sutter is hit by Mikael Backlund.
1:59 of 2nd period - Shot by Todd Bertuzzi.
1:59 of 2nd period - Stopped by Henrik Lundqvist without a rebound.
2:00 of 2nd period - Phil Kessel wins face-off versus Saku Koivu in Canucks zone.
2:00 of 2nd period - Phil Kessel is hit by Kristian Huselius.
2:07 of 2nd period - Duncan Keith is hit by Milan Jurcina and loses puck.
2:11 of 2nd period - Icing by Saku Koivu.
2:12 of 2nd period - Kristian Huselius wins face-off versus Ryan OReilly in Blues zone.
2:12 of 2nd period - Kristian Huselius is hit by Jannik Hansen.
2:26 of 2nd period - Shot by Ryan OReilly.
2:26 of 2nd period - Stopped by Jonathan Quick without a rebound.
2:27 of 2nd period - Brandon Sutter wins face-off versus Jussi Jokinen in Blues zone.
3:17 of 2nd period - Icing by Robyn Regehr.
3:18 of 2nd period - Brooks Laich wins face-off versus Jussi Jokinen in Blues zone.
3:19 of 2nd period - Shot by Corey Perry.
3:19 of 2nd period - Stopped by Jonathan Quick without a rebound.
3:20 of 2nd period - Saku Koivu wins face-off versus Brooks Laich in Blues zone.
3:33 of 2nd period - Shot by Alexander Frolov.
3:33 of 2nd period - Stopped by Henrik Lundqvist with a rebound.
4:49 of 2nd period - Shot by Phil Kessel.
4:49 of 2nd period - Shot Misses the Net.
4:51 of 2nd period - Shot by David Backes.
4:51 of 2nd period - Shot Misses the Net.
4:53 of 2nd period - Shot by Duncan Keith.
4:53 of 2nd period - Stopped by Jonathan Quick with a rebound.
5:24 of 2nd period - Icing by Robyn Regehr.
5:25 of 2nd period - Jussi Jokinen wins face-off versus Brooks Laich in Blues zone.
5:44 of 2nd period - Shot by Chris Kunitz.
5:44 of 2nd period - Shot Blocked by Matthew Carle.
5:46 of 2nd period - Shot by Robyn Regehr.
5:46 of 2nd period - Stopped by Henrik Lundqvist without a rebound.
5:47 of 2nd period - Mikael Backlund wins face-off versus Ryan OReilly in Canucks zone.
5:51 of 2nd period - Todd Bertuzzi is hit by Kris Russell and loses puck.
6:11 of 2nd period - Shot by Todd Bertuzzi.
6:11 of 2nd period - Stopped by Henrik Lundqvist without a rebound.
6:12 of 2nd period - Daymond Langkow wins face-off versus Brandon Sutter in Canucks zone.
6:23 of 2nd period - Shot by Tomas Holmstrom.
6:23 of 2nd period - Shot Misses the Net.
6:26 of 2nd period - Icing by Robyn Regehr.
6:27 of 2nd period - Brooks Laich wins face-off versus Daymond Langkow in Blues zone.
6:32 of 2nd period - Shot by Brooks Laich.
6:32 of 2nd period - Stopped by Jonathan Quick without a rebound.
6:33 of 2nd period - Jussi Jokinen wins face-off versus Brandon Sutter in Blues zone.
8:50 of 2nd period - Off-side.
8:51 of 2nd period - Jussi Jokinen wins face-off versus Brandon Sutter in neutral zone.
8:53 of 2nd period - Off-side.
8:54 of 2nd period - Jussi Jokinen wins face-off versus Brandon Sutter in neutral zone.
9:59 of 2nd period - Minor Penalty to Jannik Hansen for Roughing.
9:59 of 2nd period - Minor Penalty to Milan Jurcina for Goalie Interference.
10:00 of 2nd period - Brooks Laich wins face-off versus Saku Koivu in Blues zone.
10:05 of 2nd period - Shot by Corey Perry.
10:05 of 2nd period - Stopped by Jonathan Quick with a rebound.
10:07 of 2nd period - Shot by Kris Russell.
10:07 of 2nd period - Shot Misses the Net.
10:15 of 2nd period - Shot by Corey Perry.
10:15 of 2nd period - Stopped by Jonathan Quick with a rebound.
10:19 of 2nd period - Shot by Brooks Laich.
10:19 of 2nd period - Goal by Brooks Laich - Blues : 0 - Canucks : 1.
10:20 of 2nd period - Jussi Jokinen wins face-off versus Brandon Sutter in neutral zone.
10:39 of 2nd period - Shot by Chris Kunitz.
10:39 of 2nd period - Shot Blocked by Valtteri Filppula.
10:41 of 2nd period - Shot by Jussi Jokinen.
10:41 of 2nd period - Stopped by Henrik Lundqvist with a rebound.
10:43 of 2nd period - Shot by Chris Kunitz.
10:43 of 2nd period - Stopped by Henrik Lundqvist without a rebound.
10:44 of 2nd period - Saku Koivu wins face-off versus Brooks Laich in Canucks zone.
10:49 of 2nd period - Shot by Kristian Huselius.
10:49 of 2nd period - Deflect By Saku Koivu.
10:49 of 2nd period - Shot Misses the Net.
11:56 of 2nd period - Erik Karlsson is hit by Daymond Langkow and loses puck.
12:16 of 2nd period - Shot by Todd Bertuzzi.
12:16 of 2nd period - Shot Misses the Net.
12:18 of 2nd period - Shot by Kent Huskins.
12:18 of 2nd period - Deflect By Mikael Backlund.
12:18 of 2nd period - Stopped by Henrik Lundqvist without a rebound.
12:19 of 2nd period - Saku Koivu wins face-off versus Loui Eriksson in Canucks zone.
13:28 of 2nd period - Off-side.
13:29 of 2nd period - Jussi Jokinen wins face-off versus Brandon Sutter in neutral zone.
14:14 of 2nd period - Jussi Jokinen is hit by Brandon Sutter and loses puck.
14:34 of 2nd period - Icing by Matthew Carle.
14:35 of 2nd period - Saku Koivu wins face-off versus Brooks Laich in Canucks zone.
14:47 of 2nd period - Minor Penalty to Alexander Frolov for Hooking.
14:48 of 2nd period - Phil Kessel wins face-off versus Saku Koivu in Blues zone.
14:56 of 2nd period - Icing by Loui Eriksson.
14:57 of 2nd period - Phil Kessel wins face-off versus Saku Koivu in Canucks zone.
15:10 of 2nd period - Corey Perry is hit by Mikael Backlund and loses puck.
15:21 of 2nd period - Erik Karlsson is hit by Milan Jurcina and loses puck.
16:16 of 2nd period - Shot by Tomas Holmstrom.
16:16 of 2nd period - Stopped by Jonathan Quick without a rebound.
16:17 of 2nd period - Matthew Lombardi wins face-off versus Phil Kessel in Blues zone.
16:23 of 2nd period - Icing by Erik Karlsson.
16:24 of 2nd period - Phil Kessel wins face-off versus Matthew Lombardi in Canucks zone.
16:24 of 2nd period - Phil Kessel is hit by Robyn Regehr.
16:34 of 2nd period - Shot by Duncan Keith.
16:34 of 2nd period - Stopped by Jonathan Quick without a rebound.
16:35 of 2nd period - Brooks Laich wins face-off versus Saku Koivu in Blues zone.
16:50 of 2nd period - Shot by Loui Eriksson.
16:50 of 2nd period - Shot Misses the Net.
16:55 of 2nd period - Icing by Milan Jurcina.
16:56 of 2nd period - Brandon Sutter wins face-off versus Alexander Frolov in Blues zone.
16:59 of 2nd period - Shot by Valtteri Filppula.
16:59 of 2nd period - Shot Misses the Net.
17:01 of 2nd period - Shot by Brandon Sutter.
17:01 of 2nd period - Shot Misses the Net.
17:48 of 2nd period - Shot by Phil Kessel.
17:48 of 2nd period - Stopped by Jonathan Quick without a rebound.
17:49 of 2nd period - Brooks Laich wins face-off versus Jussi Jokinen in Blues zone.
18:12 of 2nd period - Minor Penalty to Steve Ott for Hooking.
18:13 of 2nd period - Matthew Lombardi wins face-off versus Phil Kessel in Blues zone.
18:45 of 2nd period - Shot by Erik Karlsson.
18:45 of 2nd period - Stopped by Jonathan Quick without a rebound.
18:46 of 2nd period - Brooks Laich wins face-off versus Daymond Langkow in Blues zone.
19:11 of 2nd period - Shot by Alex Pietrangelo.
19:11 of 2nd period - Deflect By Tomas Holmstrom.
19:11 of 2nd period - Stopped by Jonathan Quick without a rebound.
19:12 of 2nd period - Saku Koivu wins face-off versus Phil Kessel in Blues zone.
19:23 of 2nd period - Icing by Duncan Keith.
19:24 of 2nd period - Loui Eriksson wins face-off versus Matthew Lombardi in Canucks zone.

Period #3

0:01 of 3rd period - Phil Kessel wins face-off versus Matthew Lombardi in neutral zone.
0:26 of 3rd period - Shot by Valtteri Filppula.
0:26 of 3rd period - Shot Blocked by Mark Fayne.
0:28 of 3rd period - Shot by Brandon Sutter.
0:28 of 3rd period - Stopped by Jonathan Quick without a rebound.
0:29 of 3rd period - Brooks Laich wins face-off versus Jussi Jokinen in Blues zone.
0:36 of 3rd period - Minor Penalty to James van Riemsdyk for Roughing.
0:37 of 3rd period - Saku Koivu wins face-off versus Ryan OReilly in Canucks zone.
0:46 of 3rd period - Shot by Kristian Huselius.
0:46 of 3rd period - Stopped by Henrik Lundqvist with a rebound.
0:50 of 3rd period - Shot by Robyn Regehr.
0:50 of 3rd period - Shot Misses the Net.
1:09 of 3rd period - Shot by Kristian Huselius.
1:09 of 3rd period - Shot Misses the Net.
1:11 of 3rd period - Shot by Yannick Weber.
1:11 of 3rd period - Stopped by Henrik Lundqvist without a rebound.
1:12 of 3rd period - Brandon Sutter wins face-off versus Steve Ott in Canucks zone.
1:12 of 3rd period - Brandon Sutter is hit by Steve Ott.
1:29 of 3rd period - Shot by Chris Kunitz.
1:29 of 3rd period - Shot Misses the Net.
1:31 of 3rd period - Shot by Jussi Jokinen.
1:31 of 3rd period - Stopped by Henrik Lundqvist without a rebound.
1:32 of 3rd period - Brandon Sutter wins face-off versus Jussi Jokinen in Canucks zone.
2:37 of 3rd period - Shot by Kristian Huselius.
2:37 of 3rd period - Stopped by Henrik Lundqvist without a rebound.
2:38 of 3rd period - Mikael Backlund wins face-off versus Brooks Laich in Canucks zone.
3:39 of 3rd period - Shot by Kristian Huselius.
3:39 of 3rd period - Stopped by Henrik Lundqvist without a rebound.
3:40 of 3rd period - Ryan OReilly wins face-off versus Jussi Jokinen in Canucks zone.
3:40 of 3rd period - Ryan OReilly is hit by Steve Ott.
3:50 of 3rd period - Shot by Ryan OReilly.
3:50 of 3rd period - Shot Blocked by Robyn Regehr.
4:21 of 3rd period - Shot by Chris Kunitz.
4:21 of 3rd period - Shot Misses the Net.
4:51 of 3rd period - Shot by Kent Huskins.
4:51 of 3rd period - Stopped by Henrik Lundqvist without a rebound.
4:52 of 3rd period - Brandon Sutter wins face-off versus Saku Koivu in Canucks zone.
5:14 of 3rd period - Icing by Fedor Tyutin.
5:15 of 3rd period - Brandon Sutter wins face-off versus Daymond Langkow in Canucks zone.
5:44 of 3rd period - Icing by Tomas Holmstrom.
5:45 of 3rd period - Brandon Sutter wins face-off versus Saku Koivu in Canucks zone.
6:04 of 3rd period - Kristian Huselius is hit by David Backes and loses puck.
6:55 of 3rd period - James van Riemsdyk is hit by Steve Ott and loses puck.
7:08 of 3rd period - Shot by Kent Huskins.
7:08 of 3rd period - Shot Misses the Net.
7:10 of 3rd period - Shot by Kent Huskins.
7:10 of 3rd period - Shot Misses the Net.
7:14 of 3rd period - Shot by Jean-Pierre Dumont.
7:14 of 3rd period - Shot Blocked by Erik Karlsson.
7:21 of 3rd period - Todd Bertuzzi is hit by Matthew Carle and loses puck.
7:26 of 3rd period - Shot by Todd Bertuzzi.
7:26 of 3rd period - Stopped by Henrik Lundqvist without a rebound.
7:27 of 3rd period - Saku Koivu wins face-off versus Ryan OReilly in Canucks zone.
7:41 of 3rd period - Shot by Kristian Huselius.
7:41 of 3rd period - Shot Blocked by Kris Russell.
8:41 of 3rd period - Minor Penalty to Fedor Tyutin for Hooking.
8:42 of 3rd period - Brandon Sutter wins face-off versus Jussi Jokinen in Canucks zone.
8:42 of 3rd period - Brandon Sutter is hit by Chris Kunitz.
8:51 of 3rd period - Icing by Steve Ott.
8:52 of 3rd period - Jussi Jokinen wins face-off versus Brandon Sutter in Blues zone.
9:08 of 3rd period - Shot by Dennis Wideman.
9:08 of 3rd period - Stopped by Henrik Lundqvist with a rebound.
9:14 of 3rd period - Shot by Jussi Jokinen.
9:14 of 3rd period - Shot Misses the Net.
9:16 of 3rd period - Shot by Milan Jurcina.
9:16 of 3rd period - Shot Hit the Post.
9:39 of 3rd period - Off-side.
9:40 of 3rd period - Saku Koivu wins face-off versus Brandon Sutter in neutral zone.
9:45 of 3rd period - Shot by Robyn Regehr.
9:45 of 3rd period - Stopped by Henrik Lundqvist with a rebound.
9:49 of 3rd period - Shot by Saku Koivu.
9:49 of 3rd period - Stopped by Henrik Lundqvist with a rebound.
10:59 of 3rd period - Off-side.
11:00 of 3rd period - Corey Perry wins face-off versus Saku Koivu in neutral zone.
11:00 of 3rd period - Fedor Tyutin is hit by Milan Jurcina and loses puck.
11:40 of 3rd period - Shot by Chris Kunitz.
11:40 of 3rd period - Shot Blocked by Fedor Tyutin.
11:42 of 3rd period - Shot by Jussi Jokinen.
11:42 of 3rd period - Shot Blocked by Fedor Tyutin.
11:46 of 3rd period - Shot by Chris Kunitz.
11:46 of 3rd period - Shot Misses the Net.
11:48 of 3rd period - Shot by Robyn Regehr.
11:48 of 3rd period - Shot Misses the Net.
12:15 of 3rd period - Tomas Holmstrom is hit by Chris Kunitz and loses puck.
12:37 of 3rd period - Icing by Tomas Holmstrom.
12:38 of 3rd period - Mikael Backlund wins face-off versus Corey Perry in Canucks zone.
12:59 of 3rd period - Kent Huskins is hit by Corey Perry.
13:18 of 3rd period - Minor Penalty to Dmitry Kulikov for Hooking.
13:19 of 3rd period - Jussi Jokinen wins face-off versus Ryan OReilly in Canucks zone.
13:30 of 3rd period - Shot by Chris Kunitz.
13:30 of 3rd period - Stopped by Henrik Lundqvist without a rebound.
13:31 of 3rd period - Saku Koivu wins face-off versus Ryan OReilly in Canucks zone.
13:32 of 3rd period - Shot by Mark Fayne.
13:32 of 3rd period - Shot Hit the Post.
13:34 of 3rd period - Shot by Mark Fayne.
13:34 of 3rd period - Stopped by Henrik Lundqvist without a rebound.
13:35 of 3rd period - Ryan OReilly wins face-off versus Saku Koivu in Canucks zone.
13:59 of 3rd period - Ryan OReilly is hit by Saku Koivu and loses puck.
14:19 of 3rd period - Off-side.
14:20 of 3rd period - Brandon Sutter wins face-off versus Jussi Jokinen in neutral zone.
15:47 of 3rd period - Shot by Phil Kessel.
15:47 of 3rd period - Deflect By Loui Eriksson.
15:47 of 3rd period - Stopped by Jonathan Quick without a rebound.
15:48 of 3rd period - Mikael Backlund wins face-off versus Brooks Laich in Blues zone.
15:53 of 3rd period - Dennis Wideman is hit by James van Riemsdyk and loses puck.
16:13 of 3rd period - Shot by Kristian Huselius.
16:13 of 3rd period - Shot Misses the Net.
16:39 of 3rd period - Shot by Phil Kessel.
16:39 of 3rd period - Stopped by Jonathan Quick without a rebound.
16:40 of 3rd period - Saku Koivu wins face-off versus Phil Kessel in Blues zone.
17:00 of 3rd period - Robyn Regehr is hit by David Backes and loses puck.
17:11 of 3rd period - Icing by Loui Eriksson.
17:12 of 3rd period - Phil Kessel wins face-off versus Jussi Jokinen in Canucks zone.
17:25 of 3rd period - Jussi Jokinen is hit by Duncan Keith and loses puck.
17:36 of 3rd period - Jussi Jokinen is hit by David Backes and loses puck.
18:26 of 3rd period - Icing by Dennis Wideman.
18:27 of 3rd period - Brooks Laich wins face-off versus Jussi Jokinen in Blues zone.
18:56 of 3rd period - James van Riemsdyk is hit by Dennis Wideman and loses puck.
19:05 of 3rd period - Shot by Corey Perry.
19:05 of 3rd period - Shot Misses the Net.
19:09 of 3rd period - Shot by Corey Perry.
19:09 of 3rd period - Shot Misses the Net.
19:11 of 3rd period - Shot by Brooks Laich.
19:11 of 3rd period - Shot Misses the Net.
19:23 of 3rd period - Blues, Jonathan Quick is pulled from the net.
19:28 of 3rd period - Icing by Phil Kessel.
19:29 of 3rd period - Saku Koivu wins face-off versus Ryan OReilly in Canucks zone.


Output by the SimonT Hockey Simulator (STHS) for Stephane Roy -- Original Page W3C XHTML 1.0 Valid